 Dungeon Crawl Stone Soup version 0.22-a0-570-g58866f5 (webtiles) character file.

93 royokou the Conjurer (level 4, -5/24 HPs)
             Began as a Deep Elf Conjurer on July 1, 2018.
             Slain by a gnoll
             ... wielding a +0 spear
              (9 damage)
             ... on level 2 of the Dungeon.
             The game lasted 00:09:17 (1425 turns).

royokou the Conjurer (Deep Elf Conjurer)            Turns: 1425, Time: 00:09:18

Health: -5/24      AC:  3    Str:  5    XL:     4   Next: 36%
Magic:  1/12       EV: 13    Int: 21    God:
Gold:   158        SH:  0    Dex: 15    Spells: 5/11 levels left

rFire    . . .     SeeInvis .   i - +0 short sword
rCold    . . .     Gourm    .   (no shield)
rNeg     . . .     Faith    .   a - +0 robe
rPois    .         Spirit   .   d - +0 helmet
rElec    .         Reflect  .   (no cloak)
rCorr    .         Harm     .   (no gloves)
MR       .....                  (no boots)
Stlth    ++........             (no amulet)
HPRegen  0.08/turn              (no ring)
MPRegen  0.13/turn              (no ring)

@: no status effects
A: no striking features
a: no special abilities


You were on level 2 of the Dungeon.
You were hungry.

You visited 1 branch of the dungeon, and saw 2 of its levels.

You collected 158 gold pieces.

Inventory:

Hand Weapons
 i - a +0 short sword (weapon)
Armour
 a - a +0 robe (worn)
 d - a +0 helmet (worn)
 j - a +0 leather armour
 m - a +0 leather armour
Scrolls
 b - 2 scrolls of identify
 h - a scroll of remove curse {unknown}
Potions
 e - 2 potions of mutation
 f - a potion of curing
 g - 3 potions of resistance
 k - a potion of flight
 l - a potion of lignification {unknown}
Comestibles
 c - 3 rations


   Skills:
 - Level 2.4 Dodging
 - Level 2.4 Stealth
 + Level 4.3 Spellcasting
 * Level 5.9 Conjurations


You had 5 spell levels left.
You knew the following spells:

 Your Spells              Type           Power        Failure   Level  Hunger
a - Magic Dart            Conj           ####         1%          1    None
b - Searing Ray           Conj           ####..       1%          2    #......
c - Dazzling Spray        Conj/Hex       ###...       11%         3    ##.....

Your spell library contained the following spells:

 Spells                   Type           Power        Failure   Level  Hunger
 Iskenderun's Mystic Bla  Conj           ####....     11%         4    ####...
 Fulminant Prism          Conj/Hex       ###.......   34%         4    ####...
 Force Lance              Conj/Tloc      ###.....     34%         4    ####...


Dungeon Overview and Level Annotations

Branches:
Dungeon (2/15)

Altars:
Fedhas


Message History

The gnoll hits you from afar with a spear.
The gnoll misses you.
You hit the gnoll.
The gnoll is severely wounded.
The gnoll barely misses you.
You hit the gnoll but do no damage.
The gnoll is severely wounded.
The gnoll closely misses you.
You hit the gnoll.
The gnoll is severely wounded.
The gnoll hits you with a spear!
Ouch! That really hurt!
* * * LOW HITPOINT WARNING * * *
You closely miss the gnoll.
The gnoll is severely wounded.
The gnoll misses you.
You hit the gnoll.
The gnoll is almost dead.
The gnoll hits you with a spear!
You die...

# ### # #####.#
##### ##..g@.#
....########..#####
..)..........##
###..#########
##..g.# ####..))...
#######


You could see a gnoll.

Vanquished Creatures
  An adder (D:2)
  3 gnolls (D:2)
  2 oozes
  A dart slug (D:2)
  A leopard gecko (D:2)
  A giant cockroach (D:1)
  12 goblins
  11 hobgoblins
  4 kobolds (D:1)
  3 bats (D:1)
  A frilled lizard (D:1)
  2 rats
42 creatures vanquished.

Notes
Turn   | Place    | Note
-------+----------+-------------------------------------------
     0 | D:1      | royokou the Deep Elf Conjurer began the quest for the Orb.
     0 | D:1      | Reached XP level 1. HP: 10/10 MP: 6/6
   279 | D:1      | Reached XP level 2. HP: 15/15 MP: 2/8
   332 | D:1      | Learned a level 2 spell: Searing Ray
   515 | D:1      | Reached skill level 5 in Conjurations
   843 | D:2      | Found a blossoming altar of Fedhas.
   856 | D:2      | Reached XP level 3. HP: 14/19 MP: 0/10
  1129 | D:2      | Learned a level 3 spell: Dazzling Spray
  1388 | D:2      | Reached XP level 4. HP: 24/24 MP: 8/12
  1425 | D:2      | Slain by a gnoll

Vault maps used:
D:1:      lightli_arrival_quake, minmay_misc_feat_five
D:2:      cheibrodos_greedy_goblins, overflow_temple_1_default, led_sif_pool

Skill      XL: |  1  2  3 |
---------------+----------+-----
Conjurations   | 5 |  5.9
Spellcasting   | 4 |  4.3
Dodging        | |  2.4
Stealth        | |  2.4

Action                   |  1- 3 |  4- 6 || total
-------------------------+-------+-------++-------
Melee: Short sword       |     3 |     5 ||     8
 Cast: Magic Dart        |    52 |     7 ||    59
       Searing Ray       |     6 |     2 ||     8
  Use: Scroll            |     6 |       ||     6
       Potion            |     1 |       ||     1
  Eat: Chunk             |     1 |       ||     1
Armor: Robe              |     2 |       ||     2
Dodge: Dodged            |    10 |     4 ||    14

Table legend:
 A = Spawn XP
 B = Non-spawn XP
 C = Spawn XP percentage of total XP
 D = Spawn monster count
 E = Non-spawn monster count
 F = Spawn count percentage of total count
 G = Total turns spent on level
                    A         B        C        D         E        F      G
               +---------+---------+-------+---------+---------+-------+---------
         Total |       0 |     133 |   0.0 |       0 |      42 |   0.0 |  1425
               +---------+---------+-------+---------+---------+-------+---------
           D:1 |       0 |      31 |   0.0 |       0 |      17 |   0.0 |   843
           D:2 |       0 |     102 |   0.0 |       0 |      25 |   0.0 |   582
               +---------+---------+-------+---------+---------+-------+---------
